| TOP OF THE 1ST |
|
Minnesota (NYP) Twins batting - Pitching for Idaho Falls Chukars : RHP Brian Hunt
|
|
Pitching: RHP Brian Hunt
|
|
|
Batting: RHB David McDonald
|
0-0: Ground out 4-3 (Groundball, 4M, EV 86.9 MPH)
|
|
Batting: LHB Ryuuichi Shintani
|
0-0: Foul Ball, location: 2F 0-1: Called Strike 0-2: Ball 1-2: Strikes out swinging
|
|
Batting: RHB Kevin Harris
|
0-0: Called Strike 0-1: Ground out 6-3 (Groundball, 6, EV 103.8 MPH)
|
| Top of the 1st over - 0 runs, 0 hits, 0 errors, 0 left on base; Minnesota (NYP) 0 - Idaho Falls 0 |
| BOTTOM OF THE 1ST |
|
Idaho Falls Chukars batting - Pitching for Minnesota (NYP) Twins : LHP Jon Lizarraga
|
|
Pitching: LHP Jon Lizarraga
|
|
|
Batting: RHB Ruben Luis
|
0-0: Ball 1-0: Swinging Strike 1-1: Swinging Strike 1-2: SINGLE (Groundball, 25, EV 68.1 MPH) (infield hit)
|
|
Batting: LHB Edgar Ortiz
|
0-0: Called Strike 0-1: Foul Ball, location: 2F 0-2: Ball 1-2: Ball 2-2: Strikes out swinging
|
|
Batting: RHB Jesus Malave
|
0-0: Ball 1-0: Ball 2-0: Foul Ball, location: 2F 2-1: 2-RUN HOME RUN (Flyball, 7D, EV 97.5 MPH), Distance : 376 ft
|
|
Batting: RHB William Lung
|
0-0: Foul Ball, location: 2F 0-1: Ball 1-1: SOLO HOME RUN (Flyball, 9LD, EV 95.0 MPH), Distance : 364 ft
|
|
Batting: LHB Pablo Serrato
|
0-0: Ball 1-0: Ball 2-0: Ball 3-0: Base on Balls
|
|
Batting: RHB Pat McCoy
|
0-0: Called Strike 0-1: Called Strike 0-2: Strikes out looking
|
|
Batting: RHB Carlos Almada
|
0-0: Ball 1-0: Called Strike 1-1: Ball 2-1: Swinging Strike 2-2: Strikes out looking
|
| Bottom of the 1st over - 3 runs, 3 hits, 0 errors, 1 left on base; Minnesota (NYP) 0 - Idaho Falls 3 |
| TOP OF THE 2ND |
|
Minnesota (NYP) Twins batting - Pitching for Idaho Falls Chukars : RHP Brian Hunt
|
|
Batting: LHB Shaun Price
|
0-0: Ball 1-0: SINGLE (Groundball, 34D, EV 102.5 MPH)
|
|
Batting: RHB Sergio Gomez
|
0-0: Called Strike 0-1: Ball 1-1: Grounds into double play, 4-6-3 (Groundball, 34S, EV 86.2 MPH)
|
|
Batting: LHB Hector Olvera
|
0-0: Ball 1-0: Ball 2-0: Called Strike 2-1: Foul Ball, location: 2F 2-2: Strikes out looking
|
| Top of the 2nd over - 0 runs, 1 hit, 0 errors, 0 left on base; Minnesota (NYP) 0 - Idaho Falls 3 |
| BOTTOM OF THE 2ND |
|
Idaho Falls Chukars batting - Pitching for Minnesota (NYP) Twins : LHP Jon Lizarraga
|
|
Batting: RHB Vic Nelson
|
0-0: Ball 1-0: Called Strike 1-1: Called Strike 1-2: Strikes out swinging
|
|
Batting: RHB Gabe Ochoa
|
0-0: Ball 1-0: Called Strike 1-1: Called Strike 1-2: SINGLE (Groundball, 6D, EV 98.1 MPH)
|
|
Batting: RHB Ruben Luis
|
0-0: Ball 1-0: Ball Balk! Gabe Ochoa to second 2-0: Called Strike 2-1: Ground out 5-3 (Groundball, 56S, EV 63.1 MPH) Gabe Ochoa to third
|
|
Batting: LHB Edgar Ortiz
|
0-0: Ball 1-0: Swinging Strike 1-1: Ball 2-1: Ball 3-1: Base on Balls
|
|
Batting: RHB Jesus Malave
|
0-0: Called Strike 0-1: Ball 1-1: Ball 2-1: Ball 3-1: Foul Ball, location: 2F 3-2: Foul Ball, location: 2F 3-2: Foul Ball, location: 2F 3-2: Fly out, F7 (Flyball, 78M, EV 91.9 MPH)
|
| Bottom of the 2nd over - 0 runs, 1 hit, 0 errors, 2 left on base; Minnesota (NYP) 0 - Idaho Falls 3 |
| TOP OF THE 3RD |
|
Minnesota (NYP) Twins batting - Pitching for Idaho Falls Chukars : RHP Brian Hunt
|
|
Batting: RHB Chris Bejarano
|
0-0: Ball 1-0: Called Strike 1-1: Called Strike 1-2: Strikes out looking
|
|
Batting: RHB Ioan Biros
|
0-0: Foul Ball, location: 2F 0-1: Ball 1-1: Ball 2-1: Foul Ball, location: 2F 2-2: Ground out 5-3 (Groundball, 56, EV 107.5 MPH)
|
|
Batting: RHB Dave Berry
|
0-0: Ball 1-0: Swinging Strike 1-1: Called Strike 1-2: Ball 2-2: Ball 3-2: Base on Balls
|
|
Batting: RHB David McDonald
|
0-0: Ball 1-0: Swinging Strike 1-1: Fly out, F9 (Line Drive, 89M, EV 94.4 MPH)
|
| Top of the 3rd over - 0 runs, 0 hits, 0 errors, 1 left on base; Minnesota (NYP) 0 - Idaho Falls 3 |
| BOTTOM OF THE 3RD |
|
Idaho Falls Chukars batting - Pitching for Minnesota (NYP) Twins : LHP Jon Lizarraga
|
|
Batting: RHB William Lung
|
0-0: Ball 1-0: Ball 2-0: Ball 3-0: Base on Balls
|
|
Batting: LHB Pablo Serrato
|
0-0: Ball 1-0: Ball 2-0: Called Strike 2-1: Foul Ball, location: 2F 2-2: Fielders Choice at 2nd, 5-4 (Groundball, 5L, EV 92.5 MPH)
|
|
Batting: RHB Pat McCoy
|
0-0: Ball 1-0: Called Strike 1-1: Ball 2-1: Ball 3-1: Grounds into double play, 4-6-3 (Groundball, 4, EV 82.5 MPH)
|
| Bottom of the 3rd over - 0 runs, 0 hits, 0 errors, 0 left on base; Minnesota (NYP) 0 - Idaho Falls 3 |
| TOP OF THE 4TH |
|
Minnesota (NYP) Twins batting - Pitching for Idaho Falls Chukars : RHP Brian Hunt
|
|
Batting: LHB Ryuuichi Shintani
|
0-0: Ball 1-0: Ball 2-0: Ball 3-0: Called Strike 3-1: Foul Ball, location: 2F 3-2: Strikes out swinging
|
|
Batting: RHB Kevin Harris
|
0-0: Ball 1-0: Ball 2-0: Called Strike 2-1: Foul Ball, location: 2F 2-2: Foul Ball, location: 2F 2-2: Ground out 5-3 (Groundball, 56, EV 93.1 MPH)
|
|
Batting: LHB Shaun Price
|
0-0: Ball 1-0: Ball 2-0: Ball 3-0: Called Strike 3-1: Base on Balls
|
|
Pitching: RHP Jim Haggart
|
|
|
Batting: RHB Sergio Gomez
|
0-0: Ball 1-0: Foul Ball, location: 2F 1-1: Ball 2-1: DOUBLE (Line Drive, 8RD, EV 99.4 MPH) Shaun Price to third
|
|
Batting: LHB Hector Olvera
|
0-0: Ball 1-0: Foul Ball, location: 2F 1-1: Swinging Strike 1-2: Foul Ball, location: 2F 1-2: Strikes out looking
|
| Top of the 4th over - 0 runs, 1 hit, 0 errors, 2 left on base; Minnesota (NYP) 0 - Idaho Falls 3 |
| BOTTOM OF THE 4TH |
|
Idaho Falls Chukars batting - Pitching for Minnesota (NYP) Twins : LHP Jon Lizarraga
|
|
Batting: RHB Carlos Almada
|
0-0: Called Strike 0-1: Called Strike 0-2: Ball 1-2: Foul Ball, location: 2F 1-2: Ground out 1-3 (Groundball, 13, EV 70.6 MPH)
|
|
Batting: RHB Vic Nelson
|
0-0: Ball 1-0: Ball 2-0: Ball 3-0: Called Strike 3-1: Foul Ball, location: 2F 3-2: SINGLE (Line Drive, 78S, EV 90.6 MPH)
|
|
Batting: RHB Gabe Ochoa
|
0-0: Grounds into double play, 6-4-3 (Groundball, 6, EV 92.5 MPH)
|
| Bottom of the 4th over - 0 runs, 1 hit, 0 errors, 0 left on base; Minnesota (NYP) 0 - Idaho Falls 3 |
| TOP OF THE 5TH |
|
Minnesota (NYP) Twins batting - Pitching for Idaho Falls Chukars : RHP Jim Haggart
|
|
Batting: RHB Chris Bejarano
|
0-0: Ball 1-0: TRIPLE (Flyball, 89XD, EV 93.8 MPH)
|
|
Batting: RHB Ioan Biros
|
0-0: Called Strike 0-1: Ball 1-1: Ball Wild Pitch! Chris Bejarano scores 2-1: Foul Ball, location: 2F 2-2: Ball 3-2: SINGLE (Groundball, 6MD, EV 114.4 MPH)
|
|
Batting: RHB Dave Berry
|
0-0: Ball 1-0: Ball 2-0: Ball 3-0: Foul Ball, location: 2F 3-1: Fielders Choice at 2nd, 6-4 (Groundball, 6, EV 78.8 MPH)
|
|
Batting: RHB David McDonald
|
0-0: Ball 1-0: Ball 2-0: Foul Ball, location: 2F 2-1: Swinging Strike 2-2: Ball 3-2: SINGLE (Groundball, 4M, EV 103.8 MPH) (infield hit) Dave Berry to second
|
|
Batting: LHB Ryuuichi Shintani
|
0-0: Called Strike 0-1: Ball 1-1: Called Strike 1-2: Ball 2-2: Strikes out swinging
|
|
Batting: RHB Kevin Harris
|
0-0: Ball 1-0: Ball 2-0: Called Strike 2-1: Ball 3-1: Base on Balls Dave Berry to third David McDonald to second
|
|
Pitching: LHP Dustin Waller
|
|
|
Batting: LHB Shaun Price
|
0-0: Swinging Strike 0-1: Swinging Strike 0-2: Foul Ball, location: 2F 0-2: Ball 1-2: Ball 2-2: Fielders Choice at 2nd, 6-4 (Groundball, 4M, EV 91.2 MPH)
|
| Top of the 5th over - 1 run, 3 hits, 0 errors, 3 left on base; Minnesota (NYP) 1 - Idaho Falls 3 |
| BOTTOM OF THE 5TH |
|
Idaho Falls Chukars batting - Pitching for Minnesota (NYP) Twins : LHP Jon Lizarraga
|
|
Batting: RHB Ruben Luis
|
0-0: Ball 1-0: Foul Ball, location: 2F 1-1: Foul Ball, location: 2F 1-2: Ground out 4-3 (Groundball, 4M, EV 91.2 MPH)
|
|
Pitching: LHP Adam Devine
|
|
|
Batting: LHB Edgar Ortiz
|
0-0: Ball 1-0: Swinging Strike 1-1: Ball 2-1: Called Strike 2-2: Strikes out swinging
|
|
Batting: RHB Jesus Malave
|
0-0: Foul Ball, location: 2F 0-1: Fly out, F7 (Flyball, 7D, EV 96.9 MPH)
|
| Bottom of the 5th over - 0 runs, 0 hits, 0 errors, 0 left on base; Minnesota (NYP) 1 - Idaho Falls 3 |
| TOP OF THE 6TH |
|
Minnesota (NYP) Twins batting - Pitching for Idaho Falls Chukars : LHP Dustin Waller
|
|
Batting: RHB Sergio Gomez
|
0-0: Ball 1-0: Foul Ball, location: 2F 1-1: Foul Ball, location: 2F 1-2: Ball 2-2: Ball 3-2: Ground out 5-3 (Groundball, 56S, EV 88.8 MPH)
|
|
Batting: LHB Hector Olvera
|
0-0: Ball 1-0: Swinging Strike 1-1: Swinging Strike 1-2: Ball 2-2: Strikes out looking
|
|
Batting: RHB Chris Bejarano
|
0-0: Foul Ball, location: 2F 0-1: Swinging Strike 0-2: Ground out U3 (Groundball, 3S, EV 85.0 MPH)
|
| Top of the 6th over - 0 runs, 0 hits, 0 errors, 0 left on base; Minnesota (NYP) 1 - Idaho Falls 3 |
| BOTTOM OF THE 6TH |
|
Idaho Falls Chukars batting - Pitching for Minnesota (NYP) Twins : LHP Adam Devine
|
|
Batting: RHB William Lung
|
0-0: Ball 1-0: Ball 2-0: Ball 3-0: Called Strike 3-1: Foul Ball, location: 2F 3-2: Foul Ball, location: 2F 3-2: Ground out 6-3 (Groundball, 6, EV 83.8 MPH)
|
|
Batting: LHB Pablo Serrato
|
0-0: Ball 1-0: Foul Ball, location: 2F 1-1: Ball 2-1: Foul Ball, location: 2F 2-2: SINGLE (Line Drive, 7S, EV 94.4 MPH)
|
|
Batting: RHB Pat McCoy
|
0-0: Ball 1-0: Called Strike 1-1: Ball 2-1: Foul Ball, location: 2F 2-2: Ball 3-2: Base on Balls Pablo Serrato to second
|
|
Batting: RHB Carlos Almada
|
0-0: Called Strike 0-1: Called Strike 0-2: Ball 1-2: Fly out, F8 (Flyball, 8RM, EV 72.5 MPH)
|
|
Batting: RHB Vic Nelson
|
0-0: Called Strike 0-1: Ball 1-1: Ball 2-1: Ball 3-1: SINGLE (Groundball, 34D, EV 106.9 MPH) Pablo Serrato to third Pat McCoy to second Runner from 3rd tries for Home, throw by RF and OUT! 9-2
|
| Bottom of the 6th over - 0 runs, 2 hits, 0 errors, 2 left on base; Minnesota (NYP) 1 - Idaho Falls 3 |
| TOP OF THE 7TH |
|
Minnesota (NYP) Twins batting - Pitching for Idaho Falls Chukars : LHP Dustin Waller
|
|
Batting: RHB Ioan Biros
|
0-0: Ball 1-0: Ball 2-0: Swinging Strike 2-1: Foul Ball, location: 2F 2-2: Foul Ball, location: 2F 2-2: Strikes out swinging
|
|
Batting: RHB Dave Berry
|
0-0: Foul Ball, location: 2F 0-1: SINGLE (Groundball, 5L, EV 103.8 MPH) (infield hit)
|
|
Batting: RHB David McDonald
|
0-0: Called Strike 0-1: Ball 1-1: Swinging Strike 1-2: Foul Ball, location: 2F 1-2: Ball 2-2: Strikes out swinging
|
|
Batting: LHB Ryuuichi Shintani
|
0-0: Foul Ball, location: 2F 0-1: Ball 1-1: Foul Ball, location: 2F 1-2: Strikes out swinging
|
| Top of the 7th over - 0 runs, 1 hit, 0 errors, 1 left on base; Minnesota (NYP) 1 - Idaho Falls 3 |
| BOTTOM OF THE 7TH |
|
Idaho Falls Chukars batting - Pitching for Minnesota (NYP) Twins : LHP Adam Devine
|
|
Pitching: RHP Matt Parsons
|
|
|
Batting: RHB Gabe Ochoa
|
0-0: Foul Ball, location: 2F 0-1: Ball 1-1: Called Strike 1-2: Ball 2-2: Ball 3-2: Base on Balls
|
|
Batting: RHB Ruben Luis
|
0-0: Ball 1-0: Ball 2-0: Bunted foul 2-1: Ball 3-1: Bunted foul 3-2: SINGLE (Line Drive, 8LS, EV 104.4 MPH) Gabe Ochoa to second
|
|
Batting: LHB Edgar Ortiz
|
0-0: Called Strike 0-1: DOUBLE (Line Drive, 89D, EV 100.0 MPH) Gabe Ochoa scores Ruben Luis to third
|
|
Batting: RHB Jesus Malave
|
0-0: Ball 1-0: Swinging Strike 1-1: Foul Ball, location: 2F 1-2: Ball 2-2: Fly out, F9 (Flyball, 89M, EV 90.0 MPH) Runner from 3rd tags up, OUT at HOME! 9-2 Edgar Ortiz to third
|
|
Batting: RHB William Lung
|
0-0: Called Strike 0-1: Ball 1-1: Ball 2-1: Ball 3-1: Swinging Strike 3-2: Foul Ball, location: 2F 3-2: Strikes out swinging
|
| Bottom of the 7th over - 1 run, 2 hits, 0 errors, 1 left on base; Minnesota (NYP) 1 - Idaho Falls 4 |
| TOP OF THE 8TH |
|
Minnesota (NYP) Twins batting - Pitching for Idaho Falls Chukars : LHP Dustin Waller
|
|
Pitching: RHP Reginald Larnach
|
|
|
Batting: RHB Kevin Harris
|
0-0: Swinging Strike 0-1: Fly out, F4 (Popup, 4S, EV 59.4 MPH)
|
|
Batting: LHB Shaun Price
|
0-0: Ball 1-0: Called Strike 1-1: Swinging Strike 1-2: Strikes out looking
|
|
Batting: RHB Sergio Gomez
|
0-0: Ball 1-0: Ball 2-0: SINGLE (Line Drive, 3D, EV 100.0 MPH)
|
|
Batting: LHB Hector Olvera
|
0-0: Ball 1-0: Ball 2-0: Ball 3-0: Called Strike 3-1: Called Strike 3-2: Foul Ball, location: 2F 3-2: Base on Balls Sergio Gomez to second
|
|
Batting: RHB Chris Bejarano
|
0-0: Foul Ball, location: 2F 0-1: Ball 1-1: Ball 2-1: Called Strike 2-2: Strikes out swinging
|
| Top of the 8th over - 0 runs, 1 hit, 0 errors, 2 left on base; Minnesota (NYP) 1 - Idaho Falls 4 |
| BOTTOM OF THE 8TH |
|
Idaho Falls Chukars batting - Pitching for Minnesota (NYP) Twins : RHP Matt Parsons
|
|
Pitching: LHP Bryan Rouse
|
|
|
Batting: LHB Pablo Serrato
|
0-0: Fly out, F6 (Popup, 56D, EV 76.9 MPH)
|
|
Batting: RHB Pat McCoy
|
0-0: Called Strike 0-1: Ball 1-1: DOUBLE (Groundball, 5L, EV 102.5 MPH)
|
|
Batting: RHB Carlos Almada
|
0-0: Ball 1-0: Ground out 6-3 (Groundball, 6MS, EV 93.1 MPH) Pat McCoy to third
|
|
Batting: RHB Vic Nelson
|
0-0: Ball 1-0: Ball Wild Pitch! Pat McCoy scores 2-0: Ball 3-0: Called Strike 3-1: Base on Balls
|
|
Batting: RHB Gabe Ochoa
|
0-0: Ball 1-0: Called Strike 1-1: Fly out, F9 (Flyball, 9S, EV 83.8 MPH)
|
| Bottom of the 8th over - 1 run, 1 hit, 0 errors, 1 left on base; Minnesota (NYP) 1 - Idaho Falls 5 |
| TOP OF THE 9TH |
|
Minnesota (NYP) Twins batting - Pitching for Idaho Falls Chukars : RHP Reginald Larnach
|
|
Batting: RHB Ioan Biros
|
0-0: Called Strike 0-1: Foul Ball, location: 2F 0-2: Ball 1-2: Fly out, F6 (Line Drive, 6, EV 63.1 MPH)
|
|
Batting: RHB Dave Berry
|
0-0: Ball 1-0: Ball 2-0: Called Strike 2-1: Ball 3-1: SINGLE (Groundball, 56D, EV 108.1 MPH)
|
|
Batting: RHB David McDonald
|
0-0: Fielders Choice at 2nd, 6-4 (Groundball, 6, EV 81.2 MPH)
|
|
Batting: LHB Ryuuichi Shintani
|
0-0: Ball 1-0: 2-RUN HOME RUN (Line Drive, 9D, EV 97.5 MPH), Distance : 387 ft
|
|
Batting: RHB Kevin Harris
|
0-0: Ball 1-0: Fly out, F4 (Popup, 13, EV 80.6 MPH)
|
| Top of the 9th over - 2 runs, 2 hits, 0 errors, 0 left on base; Minnesota (NYP) 3 - Idaho Falls 5 |
|